 Dungeon Sprint DCSS version 0.31-a0-276-ge00219d475 (webtiles) character file.

Game seed: 5285954939529951314

51 Conn the Firebug (level 3, 0/23 HPs)
             Began as an Octopode Fire Elementalist on July 15, 2023.
             Slain by a human
             ... wielding a +0 whip
              (16 damage)
             ... in the Dungeon (Sprint III: "The Ten Rune Challenge").
             The game lasted 00:02:07 (258 turns).

Conn the Firebug (Octopode Fire Elementalist)        Turns: 258, Time: 00:02:08

Health: 0/23       AC:  1    Str:  7    XL:     3   Next: 83%
Magic:  8/8        EV: 13    Int: 19    God:
Gold:   23         SH:  0    Dex: 12    Spells: 3/9 levels left

rFire   . . .        h - +3 club
rCold   . . .        (no shield)
rNeg    . . .        (helmet restricted)
rPois   .            (no amulet)
rElec   .            (no ring)
rCorr   .            (no ring)
SInv    .            (no ring)
Will    .....        (no ring)
Stlth   +++          (no ring)
HPRegen 0.23/turn    (no ring)
MPRegen 0.11/turn    (no ring)
                     (no ring)

%: no teleportation
@: hasted, very quick
A: almost no armour, amphibious, 8 rings, camouflage 1, gelatinous body 1,
(nimble swimmer 1), tentacles, robust 1, evolution 1
a: no special abilities


You were in the Dungeon.
You visited 1 branch You collected 23 gold pieces.

Inventory:

Hand Weapons
 h - a +3 club (weapon)
Scrolls
 f - a scroll of blinking
 g - a scroll of revelation {unknown}
 i - a scroll of torment {unknown}
 j - 2 scrolls of identify
 l - a scroll of poison {unknown}
 m - a scroll of summoning {unknown}
Potions
 a - 3 potions of magic
 b - a potion of curing
 c - a potion of heal wounds
 e - a potion of berserk rage
 k - 3 potions of enlightenment
 n - 4 potions of mutation


   Skills:
 + Level 3.0 Dodging
 + Level 4.0 Stealth
 + Level 3.5 Spellcasting
 + Level 1.5 Conjurations
 + Level 6.1 Fire Magic


You had 3 spell levels left.
You knew the following spells:

 Your Spells              Type           Power      Damage    Failure   Level
a - Foxfire               Conj/Fire      68%        2x1d7     3%          1
b - Scorch                Fire           52%        2d7       1%          2
c - Inner Flame           Hex/Fire       14%        N/A       12%         3

Your spell library contained the following spells:

 Spells                   Type           Power      Damage    Failure   Level
 Volatile Blastmotes      Fire/Tloc      28%        2d12      12%         3
 Flame Wave               Conj/Fire      17%        2d7       30%         4


Dungeon Overview and Level Annotations

Branches:
Dungeon (1/1)

Altars:


Innate Abilities, Weirdness & Mutations

You cannot wear most types of armour.
You are amphibious.
You can wear up to eight rings at the same time.
Your skin changes colour to match your surroundings (Stealth+).
Your rubbery body absorbs attacks. (AC +1, EV +1)
((You are camouflaged when in or above water. (Stealth+)))
You have tentacles for arms and can constrict up to eight enemies at once.
You are robust. (+10% HP)
You have hidden genetic potential.


Message History

You hear a shout!
You continue memorising.
You hear a shout!
You continue memorising.
You hear a shout!
You finish memorising.
Spell assigned to 'c'.
Okay, then.
Unknown command.
Unknown command.
You hear a shout!
You hear a shout!
You hear a shout!
You open the door. 2 humans and a water elemental come into view.
The human shouts! x2
The human hits you with a +0 whip!
Casting: Foxfire (safe; 3% risk of failure)
Confirm with . or Enter, or press ? or * to list all spells.
The spell is quite dangerous to miscast (12% risk of failure)!
Continue anyway?
Okay, then.
Unknown command.
Okay, then.
Casting: Inner Flame (quite dangerous; 12% risk of failure)
Confirm with . or Enter, or press ? or * to list all spells.
Okay, then.
Unknown command.
Unknown command.
Casting: Inner Flame (quite dangerous; 12% risk of failure)
Confirm with . or Enter, or press ? or * to list all spells.
Okay, then.
Okay, then.
Unknown command.
Unknown command.
Casting: Inner Flame (quite dangerous; 12% risk of failure)
Confirm with . or Enter, or press ? or * to list all spells.
Okay, then.
Unknown command.
You feel yourself speed up. The human hits you with a +0 whip!
Ouch! That really hurt!
You die...

▓▓▓▓▓▓▓▓ ▓▓▓ <..#[..####
##.# ...#......#####..#
..##...[...#..#..#
##.##.##...#..#..# #+#'#
##.##.###..##'#..#......
#.####.##..###..@pE⌠p...
.###..##..####...#...###
#.....##..###....# ⌠.#
###..##...##.....# .#
##..##....#......# #
#..###..##.#.....# #..#
#..#####....# ▓▓▓▓ ▓▓▓▓
▓▓▓▓▓▓


You could see a water elemental and 2 humans.

Vanquished Creatures
  Jessica (D)
  A human (D)
  A phantom (D)
  An endoplasm (D)
  2 rats (D)
6 creatures vanquished.

Vanquished Creatures (others)
  20 foxfires (D)
20 creatures vanquished.

Grand Total: 26 creatures vanquished

Notes
Turn   | Place    | Note
-------+----------+-------------------------------------------
     0 | D        | Conn the Octopode Fire Elementalist began the quest for the
                  | Orb.
     0 | D        | Reached XP level 1. HP: 11/11 MP: 3/3
    42 | D        | Noticed Jessica
    46 | D        | Killed Jessica
    47 | D        | Reached skill level 5 in Fire Magic
    47 | D        | Reached XP level 2. HP: 17/17 MP: 0/6
    47 | D        | Reached XP level 3. HP: 21/21 MP: 0/7
   140 | D        | Reached skill level 6 in Fire Magic
   237 | D        | Gained mutation: You occasionally lose the ability to drink
                  | potions when taking damage. [potion of mutation]
   238 | D        | Lost mutation: You occasionally lose the ability to drink
                  | potions when taking damage. [potion of mutation]
   238 | D        | Gained mutation: You have hidden genetic potential. [potion
                  | of mutation]
   238 | D        | Gained mutation: You are robust. (+10% HP) [potion of
                  | mutation]
   247 | D        | Learned a level 2 spell: Scorch
   251 | D        | Learned a level 3 spell: Inner Flame
   257 | D        | Noticed a human
   257 | D        | Noticed a human
   257 | D        | Noticed a water elemental
   258 | D        | Slain by a human

Illustrated notes

Levels and vault maps discovered:
D:        dungeon_sprint_mu [sprint_mu_entry_cave, sprint_mu_temple_rooms,
          sprint_mu_d1_horrors, sprint_mu_d2_genie, sprint_mu_d3_branching,
          sprint_mu_orc_legion, sprint_mu_elf_gauntlet, sprint_mu_hive_nellie,
          sprint_mu_lair_fedhas, sprint_mu_vaults_butterflies,
          sprint_mu_slime_circle, sprint_mu_shoals_kraken,
          sprint_mu_snake_twists, sprint_mu_blade_basic, sprint_mu_crypt_lich,
          sprint_mu_tomb_spiral, sprint_mu_vestibule_basic,
          sprint_mu_gehenna_hellfire, sprint_mu_dis_giant,
          sprint_mu_tartarus_statrot, sprint_mu_cocytus_islands, sprint_mu_zot1]

Skill      XL: |  1  2  3 |
---------------+----------+-----
Stealth        | 3 4 |  4.0
Spellcasting   | 3 |  3.5
Fire Magic     | 5 6 |  6.1
Dodging        | 3 |  3.0
Conjurations   | |  1.5

Action                     || total
---------------------------++-------
  Melee: Unarmed           ||     1
         Club              ||     6
         Constrict         ||     2
   Cast: Foxfire           ||    11
    Use: Potion            ||     3
  Dodge: Dodged            ||     4

Table legend: (Time is in decaauts)
 A = Elapsed time spent in this place.
 B = Non-inter-level travel time spent in this place.
 C = Inter-level travel time spent in this place.
 D = Time resting spent in this place.
 E = Time spent auto-exploring this place.
 F = Levels seen in this place.
 G = Mean time per level.
                   A        B        C        D        E       F      G
               +--------+--------+--------+--------+--------+-----+--------+
         Total |    259 |    259 |      0 |    138 |      0 |   1 |  259.0 |
       Dungeon |    259 |    259 |      0 |    138 |      0 |   1 |  259.0 |
               +--------+--------+--------+--------+--------+-----+--------+

Top non-repeatable levels by time:
       D: 259 daAuts
